 Dungeon Crawl Stone Soup version bcrawl-1.37.2 (webtiles) character file.

Game seed: 5582201670583193016

251743 Mehrunes the Covert (level 10, -2/44 HPs)
             Began as a Spriggan Enchanter on Nov 10, 2022.
             Was a Priest of Dithmenos.
             Killed from afar by an electric eel (10 damage)
             ... with a bolt of electricity
             ... on level 8 of the Dungeon.
             The game lasted 00:22:20 (11592 turns).

Mehrunes the Covert (Spriggan Enchanter)           Turns: 11592, Time: 00:22:21

Health: -2/44      AC:  6    Str:  4    XL:     10   Next: 62%
Magic:  12/23      EV: 26    Int: 19    God:    Dithmenos [***...]
Gold:   785        SH:  0    Dex: 26    Spells: 9/25 levels left

rFire    . . .     GDR:     35% r - +2 dagger (elec)
rCold    . . .     SeeInvis +   (shield restricted)
rNeg     . . .     Gourm    .   I - +0 troll leather armour
rPois    .         Faith    .   (helmet restricted)
rElec    .         Spirit   .   u - +1 cloak
rCorr    .         Reflect  .   (gloves unavailable)
MR       +....                  (boots unavailable)
Stlth    ++++++++..             y - amulet of magic regeneration
HPRegen  0.57/turn              g - ring of wizardry
MPRegen  0.40/turn              x - +8 ring of dexterity

@: wreathed by umbra, very quick
A: very small, unfitting armour, see invisible, herbivore, speed 3, slow
metabolism 2
a: Shadow Step, Renounce Religion


You were on level 8 of the Dungeon.
You worshipped Dithmenos.
Dithmenos was most pleased with you.
You were not hungry.

You visited 2 branches of the dungeon, and saw 9 of its levels.

You collected 785 gold pieces.

Inventory:

Hand Weapons
 a - a +1 dagger
 r - a +2 dagger of electrocution (weapon)
Armour
 b - a +0 robe
 s - a +1 robe of magic resistance
 u - a +1 cloak (worn)
 A - a scarf of spirit shield
 I - a +0 troll leather armour (worn)
Jewellery
 g - a ring of wizardry (left hand)
 x - a +8 ring of dexterity (right hand)
 y - an amulet of magic regeneration (around neck)
 D - an uncursed amulet of the acrobat
 H - an uncursed ring of insulation {unknown}
Wands
 v - a wand of flame (10)
 z - a wand of random effects (7)
 C - a wand of disintegration (16)
Scrolls
 d - a scroll of fog
 h - 5 scrolls of teleportation {unknown}
 i - 5 scrolls of identify
 j - 2 scrolls of enchant weapon {unknown}
 n - 2 scrolls of magic mapping {unknown}
 o - 3 scrolls of amnesia {unknown}
 p - 2 scrolls of blinking {unknown}
 q - 2 scrolls of remove curse {unknown}
 t - 4 scrolls of immolation {unknown}
 w - 2 scrolls of noise {unknown}
 B - a scroll of fear {unknown}
 E - 3 scrolls of summoning {unknown}
Potions
 c - a potion of degeneration {unknown}
 f - 2 potions of invisibility
 k - 4 potions of cancellation {unknown}
 l - a potion of flight {unknown}
 m - 4 potions of curing {unknown}
 F - a potion of mutation {unknown}
 G - 3 potions of brilliance {unknown}
Comestibles
 e - 16 rations {!d}


   Skills:
 + Level 9.4 Short Blades
 + Level 8.4 Dodging
 + Level 12.8 Stealth
 + Level 8.3 Spellcasting
 + Level 10.2 Hexes


You had 9 spell levels left.
You knew the following spells:

 Your Spells              Type           Power        Failure   Level  Hunger
a - Slow                  Hex            #####...     1%          1    None
b - Ensorcelled Hibernat  Hex/Ice        ####..       1%          2    None
c - Confuse               Hex            #####...     1%          3    None
d - Tukima's Dance        Hex            #####...     1%          3    None
e - Dazzling Orbs         Conj/Hex       ####...      2%          3    None
f - Cause Fear            Hex            #####.....   1%          4    ###....

Your spell library contained the following spells:

 Spells                   Type           Power        Failure   Level  Hunger
 Corona                   Hex            #####..      1%          1    None
 Apportation              Tloc           #.....       6%          1    None
 Infusion                 Chrm           #.......     6%          1    None
 Sandblast                Erth           #.....       6%          1    None
 Summon Butterflies       Summ           #.......     6%          1    None
 Bolt of Fire             Conj/Fire      #.........   100%        6    ######.
 Dragon Form              Tmut           #......      100%        7    #######
 Dragon's Call            Summ           #.........   100%        9    #######
 Fire Storm               Conj/Fire      #.........   100%        9    #######


Dungeon Overview and Level Annotations

Branches:
Dungeon (8/12)             Temple (1/1) D:4            Lair (0/6) D:8
    Orc: D:8-11

Altars:
Ashenzari
Cheibriados
Dithmenos
Elyvilon
Gozag
Hepliaklqana
Kikubaaqudgha
Lugonu
Makhleb
Nemelex Xobeh
Okawaru
Qazlal
Ru
Sif Muna
Trog
Uskayaw
Vehumet
Wu Jian
Xom
Yredelemnul
Zin
The Shining One

Annotations:
D:4 2 transporters, Menkaure


Innate Abilities, Weirdness & Mutations

You are very small and have problems with some larger weapons.
You are too small for most types of armour.
You have supernaturally acute eyesight. (SInv)
You are a herbivore.
You cover ground extremely quickly.
You need to consume almost no food.


Message History

The killer bee struggles to resist.
The killer bee closely misses you. x2
Casting: Ensorcelled Hibernation (safe; 1% risk of failure)
Confirm with . or Enter, or press ? or * to list all spells.
Aiming: Ensorcelled Hibernation (safe; 1% risk of failure)
Press: ? - help, Shift-Dir - straight line, f/p - killer bee
Aim: a killer bee (purple smoke, umbra, chance to defeat MR: 67%)
The killer bee looks drowsy...
The helpless killer bee fails to defend itself.
You stick the killer bee like a pincushion!!!!
You kill the killer bee!
Dithmenos accepts your kill.
Casting: Ensorcelled Hibernation (safe; 1% risk of failure)
Confirm with . or Enter, or press ? or * to list all spells.
Aiming: Ensorcelled Hibernation (safe; 1% risk of failure)
Press: ? - help, Shift-Dir - straight line, f - electric eel
Aim: an electric eel (umbra, chance to defeat MR: 67%)
The electric eel struggles to resist.
The electric eel shoots out a bolt of lightning at you!
The bolt of electricity hits you!
You die...

...#))#..≈≈≈≈≈≈....≈≈≈..#.
''###'#..≈≈≈≈≈.≈.≈.≈≈≈≈...
...P≈.#..≈≈≈≈≈≈≈≈≈≈≈≈.....
...≈≈P#..≈.≈≈≈;≈§≈≈≈≈...#
P..P≈≈#...≈.≈≈§§§§§§≈≈≈.#
....≈P#.....≈≈§§§§§§§.≈.#
.≈.≈PP#....≈.≈§§§§§§..≈.#
#.#####...≈...§.§;§§§...#
.............§..@.§.....#
###.............####......
# #............## ...... #
##..........## ...... #
##.........# .[... #
######...## ..... # #...##
.... # #######..##
###...##...####


You could see an electric eel.

Vanquished Creatures
  A hydra (D:8)
  Pikel (D:7)
  Joseph (D:7)
  A troll (D:8)
  2 dream sheep (D:8)
  2 yaks (D:8)
  A steam dragon (D:8)
  Edmund (D:4)
  Duvessa (D:4)
  2 slaves (D:7)
  2 sky beasts
  An orc warrior (D:8)
  A necrophage (D:5)
  A phantom (D:5)
  3 ogres
  2 ice beasts
  3 kobold brigands (D:8)
  2 bullfrogs
  Blork the orc (D:5)
  Dowan (D:4)
  4 scorpions
  3 killer bees (D:8)
  3 electric eels (D:8)
  A howler monkey (D:5)
  5 orc priests
  A bullfrog zombie (D:8)
  4 crimson imps
  10 hounds
  2 quasits
  2 jellies
  2 bullfrog skeletons (D:4)
  10 orc wizards
  Crazy Yiuf (D:3)
  Jessica (D:3)
  Natasha (thrice) (D:4)
  Terence (D:2)
  11 worker ants
  A killer bee zombie (D:5)
  A hound skeleton (D:4)
  4 gnolls (D:6)
  7 adders
  2 howler monkey skeletons
  2 shadow imps
  An adder zombie (D:7)
  An adder skeleton (D:4)
  3 worms
  3 dart slugs
  3 leopard geckos
  28 orcs
  4 giant cockroaches
  6 hobgoblins
  3 jackals
  6 kobolds
  5 quokkas
  3 ball pythons
  4 bats (D:1)
  2 frilled lizards (D:1)
  10 goblins
  4 rats
197 creatures vanquished.

Vanquished Creatures (others)
  A plant (D:8)
  3 toadstools (D:3)
4 creatures vanquished.

Grand Total: 201 creatures vanquished

Notes
Turn   | Place    | Note
-------+----------+-------------------------------------------
     0 | D:1      | Mehrunes the Spriggan Enchanter began the quest for the
                  | Orb.
     0 | D:1      | Reached XP level 1. HP: 9/9 MP: 5/5
   106 | D:1      | Reached skill level 5 in Stealth
   293 | D:1      | Reached XP level 2. HP: 13/13 MP: 6/6
   296 | D:1      | Learned a level 2 spell: Ensorcelled Hibernation
  1168 | D:2      | Reached XP level 3. HP: 16/16 MP: 8/8
  1459 | D:2      | Noticed Terence
  2061 | D:2      | Learned a level 3 spell: Confuse
  2068 | D:2      | Killed Terence
  2069 | D:2      | Reached XP level 4. HP: 21/21 MP: 4/10
  3087 | D:3      | Reached skill level 6 in Stealth
  3134 | D:3      | Reached XP level 5. HP: 16/24 MP: 8/12
  3355 | D:3      | Reached skill level 5 in Hexes
  3516 | D:3      | Learned a level 3 spell: Tukima's Dance
  3520 | D:3      | Learned a level 3 spell: Dazzling Orbs
  3524 | D:3      | Noticed an ogre
  3776 | D:3      | Found a runed door.
  3922 | D:3      | Reached XP level 6. HP: 22/28 MP: 8/13
  4196 | D:3      | Noticed Jessica
  4201 | D:3      | Killed Jessica
  4235 | D:3      | Reached skill level 7 in Stealth
  4421 | D:3      | Noticed Crazy Yiuf
  4425 | D:3      | Killed Crazy Yiuf
  4472 | D:4      | Noticed Natasha
  4476 | D:4      | Killed Natasha
  4477 | D:4      | Noticed Duvessa
  4477 | D:4      | Noticed Dowan
  4479 | D:4      | Noticed Edmund
  4479 | D:4      | Noticed a sky beast
  4514 | D:4      | Found an ancient bone altar of Kikubaaqudgha.
  4514 | D:4      | Found a basalt altar of Yredelemnul.
  4514 | D:4      | Noticed Menkaure
  4522 | D:4      | Found a transporter.
  4543 | D:4      | Found a transporter.
  4607 | D:4      | Killed Duvessa
  4608 | D:4      | Reached skill level 5 in Spellcasting
  4608 | D:4      | Reached XP level 7. HP: 32/32 MP: 12/15
  4620 | D:4      | Killed Dowan
  4686 | D:4      | Noticed Natasha
  4700 | D:4      | Killed Natasha
  4701 | D:4      | Reached skill level 8 in Stealth
  4833 | D:4      | Reached skill level 5 in Short Blades
  4914 | D:4      | Noticed Natasha
  4923 | D:4      | Killed Natasha
  4966 | D:4      | Killed Edmund
  5045 | D:4      | Found a staircase to the Ecumenical Temple.
  5074 | Temple   | Entered the Ecumenical Temple
  5275 | Temple   | Became a worshipper of Dithmenos the Shadowed
  5346 | D:4      | Reached skill level 9 in Stealth
  5361 | D:4      | Reached XP level 8. HP: 36/36 MP: 2/16
  6011 | D:4      | Learned a level 4 spell: Cause Fear
  6026 | D:5      | Entered Level 5 of the Dungeon
  6179 | D:5      | Reached skill level 10 in Stealth
  6738 | D:5      | Noticed Blork the orc
  6756 | D:5      | Killed Blork the orc
  9203 | D:5      | Reached XP level 9. HP: 38/39 MP: 1/18
  9275 | D:5      | Reached * piety under Dithmenos
  9708 | D:6      | Found a sparkling altar of Nemelex Xobeh.
  9751 | D:6      | Found a sacrificial altar of Ru.
 10047 | D:6      | Reached skill level 5 in Dodging
 10131 | D:7      | Reached skill level 11 in Stealth
 10243 | D:7      | Noticed Pikel
 10284 | D:7      | Killed Pikel
 10434 | D:7      | Noticed Joseph
 10454 | D:7      | Killed Joseph
 10463 | D:7      | Reached ** piety under Dithmenos
 10785 | D:8      | Found a staircase to the Lair.
 10785 | D:8      | Noticed a troll
 10909 | D:8      | Reached XP level 10. HP: 38/44 MP: 9/22
 11046 | D:8      | Reached skill level 12 in Stealth
 11189 | D:8      | Noticed a two-headed hydra
 11192 | D:8      | Killed a two-headed hydra
 11193 | D:8      | Reached skill level 10 in Hexes
 11467 | D:8      | Reached *** piety under Dithmenos
 11592 | D:8      | Killed from afar by an electric eel

Skill      XL: |  1  2  3  4  5  6  7  8  9 10 |
---------------+-------------------------------+-----
Stealth        | 5 6 7 9 10 11 12 | 12.8
Spellcasting   | 3 4 5 7 8 |  8.3
Hexes          | 4 5 7 8 9 10 | 10.2
Short Blades   | 2 3 4 5 7 8 9 |  9.4
Dodging        | 4 7 8 |  8.4

Action                   |  1- 3 |  4- 6 |  7- 9 | 10-12 || total
-------------------------+-------+-------+-------+-------++-------
Melee: Dagger            |    70 |    42 |   151 |    49 ||   312
 Cast: Slow              |    12 |       |       |       ||    12
       Ensorcelled Hiber |    39 |    61 |   103 |    41 ||   244
       Dazzling Orbs     |       |     3 |    20 |       ||    23
       Confuse           |       |       |    19 |     5 ||    24
       Cause Fear        |       |       |     4 |     1 ||     5
  Use: Scroll            |       |       |       |     2 ||     2
 Stab: Sleeping          |    29 |    32 |    74 |    21 ||   156
       Invisible         |       |     1 |     1 |       ||     2
       Confused          |       |       |     7 |     1 ||     8
       Distracted        |       |       |     1 |     1 ||     2
  Eat: Ration            |       |     1 |     3 |     1 ||     5
Armor: Robe              |     8 |     4 |    20 |     4 ||    36
       Troll leather arm |       |       |       |     1 ||     1
Dodge: Dodged            |    61 |    48 |   149 |    62 ||   320
